Ice Dragons vs Carnivores

Created - November 28, 2018 at 19:01

Goals
1 2 3 T
Ice Dragons 1 2 0 3
Carnivores 0 1 4 5
Shots
1 2 3 T
Ice Dragons 7 8 17 32
Carnivores 19 6 17 42

1st period

1. Ice Dragons , Brandon Kozun 6 (Emil Pettersson 1) at 14:31

Penalties :
Sam Carrick (Kin) for Roughing (Minor) at 18:49

2nd period

2. Carnivores , Mark McNeill 2 (Nate Schmidt 16, Mat Clark 3) at 1:46
3. Ice Dragons , Michael Chaput 8 (Samuel Groulx 7) at 18:20
4. Ice Dragons , Stefan Ruzicka 10 (Steve Ott 13, Kevin Connauton 12) at 19:42

Penalties :
Stefan Ruzicka (Kin) for Hooking (Minor) at 1:51, Michael Ferland (Kin) for Charging (Minor) at 9:14, Jeremy Williams (Bre) for High sticking (Minor) at 11:33

3rd period

5. Carnivores , Nikita Alexeev 10 (Josh Manson 6) at 7:53
6. Carnivores , Mark McNeill 3 (Nate Schmidt 17) at 12:12
7. Carnivores , Scott Laughton 7 (Jeremy Welsh 10, Chris Lawrence 12) at 17:51 (PP)
8. Carnivores , Jeremy Williams 12 (Zack Smith 3, Hunter Shinkaruk 5) at 18:07

Penalties :
T.J Brodie (Bre) for Holding (Minor) at 14:13, Michael Stone (Kin) for Interference (Minor) at 17:31, Markus Granlund (Bre) for Holding (Minor) at 19:28

Goalie Stats

Harru Sateri (Kin), 37 saves from 42 shots - (0.881), L, 5-5-0, 60:00 minutes
Niklas Svedberg (Bre), 29 saves from 32 shots - (0.906), W, 6-5-1, 60:00 minutes

Players Stats for Ice Dragons

Player Name              G  A  P  +/- PIM S  H  SB GA TA FO     MP     PP MP  PK MP  
------------------------------------------------------------------------------------
Alex Plante              0  0  0   0  0   1  0  0  1  0  0/0    12:04   0:00   0:00 
Brandon Kozun            1  0  1   1  0   2  1  0  0  0  0/2    15:41   1:54   0:00 
Chris Wagner             0  0  0  -1  0   0  1  0  0  0  0/0     6:01   0:00   0:00 
Christian Djoos          0  0  0   0  0   0  0  0  0  0  0/0    12:24   0:00   0:20 
Damon Severson           0  0  0   1  0   2  0  1  0  1  0/0    20:11   1:42   2:31 
Emil Pettersson          0  1  1   0  0   2  0  0  0  0  2/4    13:34   0:00   0:00 
Justin Shugg             0  0  0   0  0   4  0  0  1  1  0/0    13:34   0:00   0:00 
Kevin Connauton          0  1  1  -2  0   2  1  4  1  1  0/0    27:45   2:47   3:46 
Logan MacMillan          0  0  0  -1  0   2  2  0  0  0  1/6    19:16   2:35   1:05 
Michael Chaput           1  0  1   1  0   5  3  1  1  0  5/15   17:20   1:54   1:39 
Michael Ferland          0  0  0   0  2   1  1  0  0  0  0/1    15:19   0:00   1:45 
Michael Stone            0  0  0  -2  2   3  0  1  1  0  0/0    27:24   2:47   3:26 
Sam Carrick              0  0  0  -1  2   0  0  0  0  0  0/1     6:16   0:10   0:00 
Samuel Groulx            0  1  1   1  0   0  0  2  1  2  0/0    20:11   1:42   2:31 
Stefan Ruzicka           1  0  1  -2  2   4  4  1  2  0  3/6    25:08   2:25   2:53 
Steve Ott                0  1  1  -1  0   3  0  2  0  0  12/23  22:02   2:25   3:45 
Theodor Blueger          0  0  0   0  0   0  0  0  0  0  0/0     3:24   0:10   1:03 
William Carrier          0  0  0   1  0   1  2  0  0  0  0/0    16:05   1:54   0:24 

Players Stats for Carnivores

Player Name              G  A  P  +/- PIM S  H  SB GA TA FO     MP     PP MP  PK MP  
------------------------------------------------------------------------------------
Alexandre Mallet         0  0  0   2  0   1  0  0  0  0  0/1     8:48   0:00   0:00 
Chris Lawrence           0  1  1   0  0   5  3  2  1  0  2/3    21:23   3:19   2:38 
Curtis Lazar             0  0  0   0  0   0  0  0  0  0  0/0     3:03   2:58   0:00 
David Schlemko           0  0  0  -1  0   0  2  2  0  1  0/0    17:29   0:00   2:01 
Frederik Gauthier        0  0  0   2  0   1  1  0  0  0  5/8    11:26   0:00   2:38 
Hunter Shinkaruk         0  1  1   1  0   0  1  0  0  1  0/0    11:32   0:00   0:00 
Jeremy Welsh             0  1  1  -2  0   1  1  0  0  0  2/2    16:40   3:19   0:00 
Jeremy Williams          1  0  1   1  2   3  2  0  1  0  0/0    11:32   0:00   0:00 
Josh Manson              0  1  1   0  0   0  0  0  0  0  0/0    11:05   0:00   0:11 
Mark McNeill             2  0  2   2  0   6  0  0  0  0  0/0     9:55   0:00   0:58 
Markus Granlund          0  0  0  -2  2   2  2  0  2  0  10/14  16:15   2:58   0:00 
Mat Clark                0  1  1   2  0   1  1  1  0  2  0/0    21:49   3:35   0:00 
Mattias Backman          0  0  0   0  0   0  1  0  0  0  0/0     5:40   0:00   0:52 
Nate Schmidt             0  2  2   2  0   0  1  1  1  1  0/0    27:57   3:35   2:28 
Nicolas Kerdiles         0  0  0   0  0   4  1  0  0  1  0/1    16:12   0:00   0:53 
Nikita Alexeev           1  0  1  -2  0   6  2  0  0  1  0/0    16:16   2:58   0:00 
Sasha Pokulok            0  0  0  -1  0   3  2  2  0  1  0/0    21:15   2:42   2:28 
Scott Laughton           1  0  1   0  0   5  0  0  0  0  15/25  19:39   3:19   0:53 
T.J Brodie               0  0  0   0  2   3  0  1  0  0  0/0    14:53   2:42   0:58 
Zack Smith               0  1  1   1  0   1  2  0  0  0  1/4    12:39   0:00   0:58 

3 Stars

1 - Mark McNeill (Bre)
2 - Nate Schmidt (Bre)
3 - Michael Chaput (Kin)

Power Play

Ice Dragons - 0 on 3 Attempt(s) - 0.00%
Carnivores - 1 on 4 Attempt(s) - 25.00%

Penalty Kill

Ice Dragons - 3 on 4 Attempt(s) - 75.00% - Score 0 goal in Penalty Kill
Carnivores - 3 on 3 Attempt(s) - 100.00% - Score 0 goal in Penalty Kill

Team Stat

Ice Dragons - Hits : 15 - Faceoff Wins : 23 - Blocked Shots : 12 - Penalty Minutes : 8
Carnivores - Hits : 22 - Faceoff Wins : 35 - Blocked Shots : 9 - Penalty Minutes : 6

Official

Referees : Unknown
Linesman : Unknown

Game Notes

No Game Note

Finance

Level 1 -- Attendance: 1450 (72.50%) -- Ticket Income $58,000
Level 2 -- Attendance: 751 (75.10%) -- Ticket Income $15,020
Total Attendance: 2201 (73.37%)
Total Ticket Income: $73,020
Other Income: $3,651
Total Income: $76,671

Ice Dragons

5 vs 5 Forward 
   Center                   Left Wing                Right Wing               Time % Phy DF OF 
 1 Steve Ott                Logan MacMillan          Stefan Ruzicka           40     1   2  2  
 2 Michael Chaput           William Carrier          Brandon Kozun            30     1   2  2  
 3 Emil Pettersson          Michael Ferland          Justin Shugg             20     1   2  2  
 4 Sam Carrick              Stefan Ruzicka           Chris Wagner             10     1   2  2  

5 vs 5 Defense 
   Defense                  Defense                                           Time % Phy DF OF 
 1 Kevin Connauton          Michael Stone                                     40     1   2  2  
 2 Damon Severson           Samuel Groulx                                     30     1   2  2  
 3 Alex Plante              Christian Djoos                                   20     1   2  2  
 4 Kevin Connauton          Michael Stone                                     10     1   2  2  

PowerPlay Forward 
   Center                   Left Wing                Right Wing               Time % Phy DF OF 
 1 Steve Ott                Logan MacMillan          Stefan Ruzicka           60     1   2  2  
 2 Michael Chaput           William Carrier          Brandon Kozun            40     1   2  2  

PowerPlay Defense
   Defense                  Defense                                           Time % Phy DF OF 
 1 Kevin Connauton          Michael Stone                                     60     1   2  2  
 2 Damon Severson           Samuel Groulx                                     40     1   2  2  

Penalty Kill 4 Players Forward 
   Center                   Wing                     Time % Phy DF OF 
 1 Stefan Ruzicka           Steve Ott                60     1   2  2  
 2 Logan MacMillan          Michael Chaput           40     1   2  2  

Penalty Kill 4 Players Defense
   Defense                  Defense                  Time % Phy DF OF 
 1 Kevin Connauton          Michael Stone            60     1   2  2  
 2 Damon Severson           Samuel Groulx            40     1   2  2  

Penalty Kill - 3 Players Forward 
   Forward                                           Time % Phy DF OF 
 1 Stefan Ruzicka                                    60     1   2  2  
 2 Steve Ott                                         40     1   2  2  

Penalty Kill - 3 Players Defense
   Defense                  Defense                  Time % Phy DF OF 
 1 Kevin Connauton          Michael Stone            60     1   2  2  
 2 Damon Severson           Samuel Groulx            40     1   2  2  

4 vs 4 Forward 
   Center                   Wing                     Time % Phy DF OF 
 1 Stefan Ruzicka           Steve Ott                60     1   2  2  
 2 Brandon Kozun            Michael Chaput           40     1   2  2  

4 vs 4 Defense
   Defense                  Defense                  Time % Phy DF OF 
 1 Kevin Connauton          Michael Stone            60     1   2  2  
 2 Damon Severson           Samuel Groulx            40     1   2  2  

Last Minutes Offensive
   Center                   Left Wing                Right Wing               Defense                  Defense                  
   Steve Ott                Logan MacMillan          Stefan Ruzicka           Kevin Connauton          Michael Stone            

Last Minutes Defensive
   Center                   Left Wing                Right Wing               Defense                  Defense                  
   Steve Ott                Logan MacMillan          Stefan Ruzicka           Kevin Connauton          Michael Stone            

Goaltenders
Starting : Harru Sateri             
Backup : Anders Nilsson           

Extra Forwards
Normal : Theodor Blueger, Sam Carrick, Michael Ferland - PP : Theodor Blueger, Sam Carrick - PK : Michael Ferland
Extra Defensemen
Normal : Alex Plante, Christian Djoos, Damon Severson - PP : Alex Plante - PK : Christian Djoos, Damon Severson
Penalty Shots
Stefan Ruzicka, Steve Ott, Michael Stone, Michael Chaput, Brandon Kozun

Scratches
Thomas Gobeil (Healthy), Brayden McNabb (Sore Left Knee Injury), Alex Henriksson (Healthy), Cole Ully (Healthy), Oscar Dansk (Healthy)

Carnivores

5 vs 5 Forward 
   Center                   Left Wing                Right Wing               Time % Phy DF OF 
 1 Scott Laughton           Nicolas Kerdiles         Chris Lawrence           40     1   2  2  
 2 Markus Granlund          Jeremy Welsh             Nikita Alexeev           30     1   2  2  
 3 Zack Smith               Hunter Shinkaruk         Jeremy Williams          20     1   2  2  
 4 Frederik Gauthier        Alexandre Mallet         Mark McNeill             10     1   2  2  

5 vs 5 Defense 
   Defense                  Defense                                           Time % Phy DF OF 
 1 Mat Clark                Nate Schmidt                                      40     1   2  2  
 2 Sasha Pokulok            David Schlemko                                    30     1   2  2  
 3 T.J Brodie               Josh Manson                                       20     1   2  2  
 4 Mattias Backman          Nate Schmidt                                      10     1   2  2  

PowerPlay Forward 
   Center                   Left Wing                Right Wing               Time % Phy DF OF 
 1 Scott Laughton           Jeremy Welsh             Chris Lawrence           60     1   1  3  
 2 Markus Granlund          Curtis Lazar             Nikita Alexeev           40     1   1  3  

PowerPlay Defense
   Defense                  Defense                                           Time % Phy DF OF 
 1 Mat Clark                Nate Schmidt                                      60     1   2  2  
 2 T.J Brodie               Sasha Pokulok                                     40     1   2  2  

Penalty Kill 4 Players Forward 
   Center                   Wing                     Time % Phy DF OF 
 1 Frederik Gauthier        Chris Lawrence           60     1   2  2  
 2 Zack Smith               Mark McNeill             40     1   2  2  

Penalty Kill 4 Players Defense
   Defense                  Defense                  Time % Phy DF OF 
 1 Sasha Pokulok            Nate Schmidt             60     1   2  2  
 2 T.J Brodie               David Schlemko           40     1   2  2  

Penalty Kill - 3 Players Forward 
   Forward                                           Time % Phy DF OF 
 1 Chris Lawrence                                    60     1   2  2  
 2 Zack Smith                                        40     1   2  2  

Penalty Kill - 3 Players Defense
   Defense                  Defense                  Time % Phy DF OF 
 1 Sasha Pokulok            Nate Schmidt             60     1   2  2  
 2 T.J Brodie               David Schlemko           40     1   2  2  

4 vs 4 Forward 
   Center                   Wing                     Time % Phy DF OF 
 1 Zack Smith               Scott Laughton           60     1   2  2  
 2 Nikita Alexeev           Jeremy Welsh             40     1   2  2  

4 vs 4 Defense
   Defense                  Defense                  Time % Phy DF OF 
 1 Mat Clark                Nate Schmidt             60     1   2  2  
 2 T.J Brodie               David Schlemko           40     1   2  2  

Last Minutes Offensive
   Center                   Left Wing                Right Wing               Defense                  Defense                  
   Scott Laughton           Nicolas Kerdiles         Chris Lawrence           Nate Schmidt             T.J Brodie               

Last Minutes Defensive
   Center                   Left Wing                Right Wing               Defense                  Defense                  
   Frederik Gauthier        Nicolas Kerdiles         Mark McNeill             Nate Schmidt             T.J Brodie               

Goaltenders
Starting : Niklas Svedberg          
Backup : Antti Raanta             

Extra Forwards
Normal : Curtis Lazar, Frederik Gauthier, Nikita Alexeev - PP : Curtis Lazar, Nikita Alexeev - PK : Frederik Gauthier
Extra Defensemen
Normal : Mattias Backman, T.J Brodie, David Schlemko - PP : Mattias Backman - PK : Mattias Backman, T.J Brodie
Penalty Shots
Scott Laughton, Markus Granlund, Chris Lawrence, Hunter Shinkaruk, Jeremy Welsh

Scratches
Adam Almquist (Healthy), Connor Clifton (Healthy), Stanislav Galiev (Healthy), Mark MacMillan (Healthy), Tyler Graovac (Healthy)
Troy Bourke (Healthy), Michael Schumacher (Healthy), Tristan Jarry (Healthy)

% Time on Ice - Ice Dragons

Lines # - Real PCT - Wanted PCT - Time Play
Normal Forward
1 - 32% - 40% - 15:52
2 - 28% - 30% - 13:47
3 - 28% - 20% - 13:34
4 - 12% - 10% - 6:01
Normal Defense
1 - 38% - 40% - 18:57
2 - 32% - 30% - 15:58
3 - 25% - 20% - 12:04
4 - 5% - 10% - 2:15
PP Forward
1 - 58% - 60% - 2:35
2 - 42% - 40% - 1:54
PP Defense
1 - 62% - 60% - 2:47
2 - 38% - 40% - 1:42
PK Forward
1 - 83% - 60% - 5:12
2 - 17% - 40% - 1:05
PK Defense
1 - 60% - 60% - 3:46
2 - 40% - 40% - 2:31
PK3 Forward
1 - 0% - 60%
2 - 0% - 40%
PK3 Defense
1 - 0% - 60%
2 - 0% - 40%
44 Forward
1 - 0% - 60%
2 - 0% - 40%
44 Defense
1 - 0% - 60%
2 - 0% - 40%
Last Minute Offensive  - 0:00
Last Minute Defensive  - 0:00
Total
Forward - 60:00
Defense - 60:00

% Time on Ice - Carnivores

Lines # - Real PCT - Wanted PCT - Time Play
Normal Forward
1 - 31% - 40% - 15:27
2 - 27% - 30% - 13:27
3 - 23% - 20% - 11:32
4 - 18% - 10% - 8:48
Normal Defense
1 - 38% - 40% - 18:35
2 - 33% - 30% - 16:13
3 - 21% - 20% - 10:20
4 - 8% - 10% - 4:06
PP Forward
1 - 53% - 60% - 3:19
2 - 47% - 40% - 2:58
PP Defense
1 - 57% - 60% - 3:35
2 - 43% - 40% - 2:42
PK Forward
1 - 78% - 60% - 3:31
2 - 22% - 40% - 0:58
PK Defense
1 - 55% - 60% - 2:28
2 - 45% - 40% - 2:01
PK3 Forward
1 - 0% - 60%
2 - 0% - 40%
PK3 Defense
1 - 0% - 60%
2 - 0% - 40%
44 Forward
1 - 0% - 60%
2 - 0% - 40%
44 Defense
1 - 0% - 60%
2 - 0% - 40%
Last Minute Offensive  - 0:00
Last Minute Defensive  - 0:00
Total
Forward - 60:00
Defense - 60:00

Play by Play

1st period


0:01 of 1st period - Steve Ott wins face-off versus Scott Laughton in neutral zone.
0:11 of 1st period - Wrist shot by Logan MacMillan.
0:11 of 1st period - Stopped by Niklas Svedberg with a rebound.
0:13 of 1st period - Slapshot by Kevin Connauton.
0:13 of 1st period - Shot Misses the Net.
0:15 of 1st period - Snap shot by Stefan Ruzicka.
0:15 of 1st period - Shot Misses the Net.
0:35 of 1st period - Wrist shot by Nikita Alexeev.
0:35 of 1st period - Stopped by Harru Sateri without a rebound.
0:36 of 1st period - Zack Smith wins face-off versus Emil Pettersson in Ice Dragons zone.
0:41 of 1st period - Wrist shot by Jeremy Williams.
0:41 of 1st period - Stopped by Harru Sateri with a rebound.
2:04 of 1st period - Slapshot by Michael Stone.
2:04 of 1st period - Stopped by Niklas Svedberg with a rebound.
2:16 of 1st period - Slapshot by Jeremy Welsh.
2:16 of 1st period - Shot Misses the Net.
2:18 of 1st period - Backhand shot by T.J Brodie.
2:18 of 1st period - Shot Misses the Net.
2:20 of 1st period - Snap shot by T.J Brodie.
2:20 of 1st period - Shot Misses the Net.
2:30 of 1st period - Wrist shot by Nikita Alexeev.
2:30 of 1st period - Stopped by Harru Sateri without a rebound.
2:31 of 1st period - Scott Laughton wins face-off versus Steve Ott in Ice Dragons zone.
3:16 of 1st period - Kevin Connauton is hit by Frederik Gauthier and loses puck.
3:23 of 1st period - Slapshot by Mark McNeill.
3:23 of 1st period - Stopped by Harru Sateri without a rebound.
3:24 of 1st period - Scott Laughton wins face-off versus Michael Chaput in Ice Dragons zone.
3:31 of 1st period - Wrist shot by Chris Lawrence.
3:31 of 1st period - Shot Hit the Post.
3:58 of 1st period - Kevin Connauton is hit by Nikita Alexeev and loses puck.
4:21 of 1st period - Snap shot by Jeremy Williams.
4:21 of 1st period - Stopped by Harru Sateri with a rebound.
5:08 of 1st period - Icing by Nate Schmidt.
5:09 of 1st period - Frederik Gauthier wins face-off versus Steve Ott in Carnivores zone.
5:18 of 1st period - Wrist shot by Chris Lawrence.
5:18 of 1st period - Stopped by Harru Sateri without a rebound.
5:19 of 1st period - Scott Laughton wins face-off versus Emil Pettersson in Ice Dragons zone.
5:56 of 1st period - Snap shot by Chris Lawrence.
5:56 of 1st period - Shot Misses the Net.
5:58 of 1st period - Snap shot by Scott Laughton.
5:58 of 1st period - Stopped by Harru Sateri with a rebound.
6:00 of 1st period - Snap shot by David Schlemko.
6:00 of 1st period - Shot Blocked by Damon Severson.
6:08 of 1st period - Wrist shot by Scott Laughton.
6:08 of 1st period - Shot Hit the Post.
6:10 of 1st period - Wrist shot by Nicolas Kerdiles.
6:10 of 1st period - Stopped by Harru Sateri with a rebound.
6:12 of 1st period - Snap shot by Nicolas Kerdiles.
6:12 of 1st period - Stopped by Harru Sateri with a rebound.
6:20 of 1st period - Wrist shot by Chris Lawrence.
6:20 of 1st period - Shot Misses the Net.
6:43 of 1st period - Slapshot by Kevin Connauton.
6:43 of 1st period - Deflect By Justin Shugg.
6:43 of 1st period - Stopped by Niklas Svedberg with a rebound.
6:45 of 1st period - Slapshot by Michael Stone.
6:45 of 1st period - Shot Blocked by T.J Brodie.
6:51 of 1st period - Slapshot by Michael Stone.
6:51 of 1st period - Shot Misses the Net.
6:55 of 1st period - Slapshot by Michael Stone.
6:55 of 1st period - Shot Misses the Net.
7:15 of 1st period - Slapshot by Chris Lawrence.
7:15 of 1st period - Stopped by Harru Sateri with a rebound.
7:17 of 1st period - Wrist shot by Chris Lawrence.
7:17 of 1st period - Stopped by Harru Sateri with a rebound.
7:37 of 1st period - Wrist shot by Chris Lawrence.
7:37 of 1st period - Shot Misses the Net.
7:39 of 1st period - Slapshot by Nicolas Kerdiles.
7:39 of 1st period - Shot Misses the Net.
7:41 of 1st period - Snap shot by Nicolas Kerdiles.
7:41 of 1st period - Stopped by Harru Sateri without a rebound.
7:42 of 1st period - Markus Granlund wins face-off versus Steve Ott in Ice Dragons zone.
7:45 of 1st period - Wrist shot by Markus Granlund.
7:45 of 1st period - Stopped by Harru Sateri with a rebound.
8:18 of 1st period - Snap shot by Zack Smith.
8:18 of 1st period - Stopped by Harru Sateri with a rebound.
9:23 of 1st period - Wrist shot by Sasha Pokulok.
9:23 of 1st period - Stopped by Harru Sateri without a rebound.
9:24 of 1st period - Michael Chaput wins face-off versus Alexandre Mallet in Ice Dragons zone.
9:37 of 1st period - Snap shot by Mat Clark.
9:37 of 1st period - Deflect By Mark McNeill.
9:37 of 1st period - Stopped by Harru Sateri with a rebound.
10:47 of 1st period - Off-side.
10:48 of 1st period - Markus Granlund wins face-off versus Sam Carrick in neutral zone.
11:13 of 1st period - Nate Schmidt is hit by Brandon Kozun and loses puck.
11:20 of 1st period - Wrist shot by Brandon Kozun.
11:20 of 1st period - Shot Blocked by Sasha Pokulok.
11:41 of 1st period - Stefan Ruzicka is hit by David Schlemko and loses puck.
13:13 of 1st period - Snap shot by Damon Severson.
13:13 of 1st period - Shot Misses the Net.
13:53 of 1st period - Damon Severson is hit by Hunter Shinkaruk and loses puck.
14:31 of 1st period - Wrist shot by Brandon Kozun.
14:31 of 1st period - Goal by Brandon Kozun - Ice Dragons : 1 - Carnivores : 0.
14:32 of 1st period - Steve Ott wins face-off versus Scott Laughton in neutral zone.
14:45 of 1st period - Backhand shot by Stefan Ruzicka.
14:45 of 1st period - Stopped by Niklas Svedberg with a rebound.
14:47 of 1st period - Snap shot by Steve Ott.
14:47 of 1st period - Stopped by Niklas Svedberg with a rebound.
14:57 of 1st period - Nate Schmidt is hit by Kevin Connauton and loses puck.
15:20 of 1st period - Slapshot by Michael Chaput.
15:20 of 1st period - Stopped by Niklas Svedberg without a rebound.
15:21 of 1st period - Markus Granlund wins face-off versus Michael Chaput in Carnivores zone.
15:46 of 1st period - Michael Stone is hit by Zack Smith and loses puck.
16:43 of 1st period - Snap shot by Nikita Alexeev.
16:43 of 1st period - Stopped by Harru Sateri without a rebound.
16:44 of 1st period - Steve Ott wins face-off versus Scott Laughton in Ice Dragons zone.
17:09 of 1st period - Michael Chaput is hit by Jeremy Welsh and loses puck.
17:37 of 1st period - Slapshot by Michael Stone.
17:37 of 1st period - Shot Misses the Net.
17:53 of 1st period - Snap shot by Chris Lawrence.
17:53 of 1st period - Shot Misses the Net.
17:55 of 1st period - Wrist shot by Scott Laughton.
17:55 of 1st period - Stopped by Harru Sateri with a rebound.
17:57 of 1st period - Wrist shot by Scott Laughton.
17:57 of 1st period - Stopped by Harru Sateri with a rebound.
18:49 of 1st period - Minor Penalty to Sam Carrick for Roughing.
18:50 of 1st period - Steve Ott wins face-off versus Scott Laughton in Ice Dragons zone.
19:41 of 1st period - Stefan Ruzicka is hit by Chris Lawrence and loses puck.
Goals for this period are 1 for Ice Dragons vs 0 for Carnivores.
Shots for this period are 7 for Ice Dragons vs 19 for Carnivores.

2nd period


0:01 of 2nd period - Stefan Ruzicka wins face-off versus Scott Laughton in neutral zone.
0:40 of 2nd period - Icing by T.J Brodie.
0:41 of 2nd period - Markus Granlund wins face-off versus Stefan Ruzicka in Carnivores zone.
0:49 of 2nd period - Penalty to Sam Carrick is over, Sam Carrick is back on ice.
1:20 of 2nd period - Michael Ferland is hit by Zack Smith.
1:40 of 2nd period - Mat Clark is hit by Stefan Ruzicka.
1:46 of 2nd period - Slapshot by Nate Schmidt.
1:46 of 2nd period - Deflect By Mark McNeill.
1:46 of 2nd period - Goal by Mark McNeill - Ice Dragons : 1 - Carnivores : 1.
1:47 of 2nd period - Chris Lawrence wins face-off versus Steve Ott in neutral zone.
1:51 of 2nd period - Minor Penalty to Stefan Ruzicka for Hooking.
1:52 of 2nd period - Scott Laughton wins face-off versus Michael Ferland in Ice Dragons zone.
1:55 of 2nd period - Snap shot by Chris Lawrence.
1:55 of 2nd period - Shot Hit the Post.
3:51 of 2nd period - Penalty to Stefan Ruzicka is over, Stefan Ruzicka is back on ice.
3:54 of 2nd period - Stefan Ruzicka is hit by Chris Lawrence and loses puck.
4:28 of 2nd period - Snap shot by Mark McNeill.
4:28 of 2nd period - Stopped by Harru Sateri with a rebound.
5:19 of 2nd period - Sasha Pokulok is hit by Michael Chaput and loses puck.
6:02 of 2nd period - Samuel Groulx is hit by Markus Granlund and loses puck.
6:49 of 2nd period - Kevin Connauton is hit by Nikita Alexeev and loses puck.
7:12 of 2nd period - Alexandre Mallet is hit by Chris Wagner and loses puck.
7:23 of 2nd period - Michael Stone is hit by Sasha Pokulok and loses puck.
7:28 of 2nd period - Slapshot by Jeremy Williams.
7:28 of 2nd period - Shot Blocked by Kevin Connauton.
8:05 of 2nd period - Mark McNeill is hit by Stefan Ruzicka and loses puck.
8:20 of 2nd period - David Schlemko is hit by Stefan Ruzicka and loses puck.
9:03 of 2nd period - William Carrier is hit by Mat Clark.
9:14 of 2nd period - Minor Penalty to Michael Ferland for Charging.
9:15 of 2nd period - Steve Ott wins face-off versus Scott Laughton in Ice Dragons zone.
9:28 of 2nd period - Snap shot by Scott Laughton.
9:28 of 2nd period - Shot Blocked by Steve Ott.
9:30 of 2nd period - Wrist shot by Jeremy Welsh.
9:30 of 2nd period - Deflect By Chris Lawrence.
9:30 of 2nd period - Shot Blocked by Kevin Connauton.
9:30 of 2nd period - Puck is out of play.
9:31 of 2nd period - Jeremy Welsh wins face-off versus Stefan Ruzicka in Ice Dragons zone.
11:14 of 2nd period - Penalty to Michael Ferland is over, Michael Ferland is back on ice.
11:19 of 2nd period - Damon Severson is hit by Mattias Backman and loses puck.
11:24 of 2nd period - Snap shot by Michael Ferland.
11:24 of 2nd period - Stopped by Niklas Svedberg with a rebound.
11:26 of 2nd period - Slapshot by Damon Severson.
11:26 of 2nd period - Stopped by Niklas Svedberg with a rebound.
11:28 of 2nd period - Wrist shot by Damon Severson.
11:28 of 2nd period - Deflect By Justin Shugg.
11:28 of 2nd period - Stopped by Niklas Svedberg with a rebound.
11:33 of 2nd period - Minor Penalty to Jeremy Williams for High sticking.
11:34 of 2nd period - Frederik Gauthier wins face-off versus Steve Ott in Carnivores zone.
12:32 of 2nd period - Wrist shot by Zack Smith.
12:32 of 2nd period - Shot Blocked by Stefan Ruzicka.
12:48 of 2nd period - T.J Brodie is hit by Michael Chaput and loses puck.
13:33 of 2nd period - Penalty to Jeremy Williams is over, Jeremy Williams is back on ice.
13:39 of 2nd period - Justin Shugg is hit by Markus Granlund and loses puck.
14:54 of 2nd period - Icing by Scott Laughton.
14:55 of 2nd period - Markus Granlund wins face-off versus Michael Chaput in Carnivores zone.
15:06 of 2nd period - Slapshot by Nikita Alexeev.
15:06 of 2nd period - Stopped by Harru Sateri without a rebound.
15:07 of 2nd period - Scott Laughton wins face-off versus Logan MacMillan in Ice Dragons zone.
15:16 of 2nd period - Snap shot by Stefan Ruzicka.
15:16 of 2nd period - Stopped by Niklas Svedberg with a rebound.
15:18 of 2nd period - Wrist shot by Michael Stone.
15:18 of 2nd period - Shot Misses the Net.
15:20 of 2nd period - Wrist shot by Logan MacMillan.
15:20 of 2nd period - Stopped by Niklas Svedberg with a rebound.
15:22 of 2nd period - Snap shot by Steve Ott.
15:22 of 2nd period - Stopped by Niklas Svedberg without a rebound.
15:23 of 2nd period - Markus Granlund wins face-off versus Michael Chaput in Carnivores zone.
15:27 of 2nd period - Off-side.
15:28 of 2nd period - Jeremy Welsh wins face-off versus Brandon Kozun in neutral zone.
17:18 of 2nd period - Frederik Gauthier is hit by Michael Ferland and loses puck.
17:25 of 2nd period - Icing by Josh Manson.
17:26 of 2nd period - Frederik Gauthier wins face-off versus Logan MacMillan in Carnivores zone.
17:47 of 2nd period - Snap shot by Mark McNeill.
17:47 of 2nd period - Stopped by Harru Sateri with a rebound.
17:49 of 2nd period - Slapshot by T.J Brodie.
17:49 of 2nd period - Shot Misses the Net.
17:51 of 2nd period - Snap shot by Alexandre Mallet.
17:51 of 2nd period - Stopped by Harru Sateri without a rebound.
17:52 of 2nd period - Scott Laughton wins face-off versus Michael Chaput in Ice Dragons zone.
18:08 of 2nd period - Icing by Damon Severson.
18:09 of 2nd period - Markus Granlund wins face-off versus Michael Chaput in Ice Dragons zone.
18:20 of 2nd period - Slapshot by Michael Chaput.
18:20 of 2nd period - Goal by Michael Chaput - Ice Dragons : 2 - Carnivores : 1.
18:21 of 2nd period - Steve Ott wins face-off versus Scott Laughton in neutral zone.
18:55 of 2nd period - Wrist shot by Zack Smith.
18:55 of 2nd period - Shot Misses the Net.
18:57 of 2nd period - Slapshot by Nate Schmidt.
18:57 of 2nd period - Shot Blocked by Samuel Groulx.
18:59 of 2nd period - Slapshot by Mat Clark.
18:59 of 2nd period - Stopped by Harru Sateri without a rebound.
19:00 of 2nd period - Scott Laughton wins face-off versus Michael Chaput in Ice Dragons zone.
19:04 of 2nd period - Icing by Kevin Connauton.
19:05 of 2nd period - Scott Laughton wins face-off versus Michael Chaput in Ice Dragons zone.
19:16 of 2nd period - Slapshot by Kevin Connauton.
19:16 of 2nd period - Shot Misses the Net.
19:42 of 2nd period - Wrist shot by Stefan Ruzicka.
19:42 of 2nd period - Goal by Stefan Ruzicka - Ice Dragons : 3 - Carnivores : 1.
19:43 of 2nd period - Scott Laughton wins face-off versus Logan MacMillan in neutral zone.
19:46 of 2nd period - Logan MacMillan is hit by Nicolas Kerdiles and loses puck.
19:55 of 2nd period - Nicolas Kerdiles is hit by Logan MacMillan.
Goals for this period are 2 for Ice Dragons vs 1 for Carnivores.
Shots for this period are 8 for Ice Dragons vs 6 for Carnivores.

3rd period


0:01 of 3rd period - Logan MacMillan wins face-off versus Nicolas Kerdiles in neutral zone.
0:06 of 3rd period - Slapshot by Kevin Connauton.
0:06 of 3rd period - Stopped by Niklas Svedberg without a rebound.
0:07 of 3rd period - Scott Laughton wins face-off versus Steve Ott in Carnivores zone.
0:14 of 3rd period - Logan MacMillan is hit by Chris Lawrence and loses puck.
0:23 of 3rd period - Slapshot by Kevin Connauton.
0:23 of 3rd period - Shot Blocked by Chris Lawrence.
1:02 of 3rd period - Backhand shot by Chris Lawrence.
1:02 of 3rd period - Shot Misses the Net.
1:04 of 3rd period - Snap shot by Nate Schmidt.
1:04 of 3rd period - Shot Blocked by Michael Stone.
1:06 of 3rd period - Wrist shot by Nate Schmidt.
1:06 of 3rd period - Shot Blocked by Kevin Connauton.
1:08 of 3rd period - Slapshot by Scott Laughton.
1:08 of 3rd period - Stopped by Harru Sateri without a rebound.
1:09 of 3rd period - Markus Granlund wins face-off versus Michael Chaput in Ice Dragons zone.
1:14 of 3rd period - Slapshot by Markus Granlund.
1:14 of 3rd period - Shot Blocked by Michael Chaput.
1:22 of 3rd period - Wrist shot by Brandon Kozun.
1:22 of 3rd period - Stopped by Niklas Svedberg without a rebound.
1:23 of 3rd period - Michael Chaput wins face-off versus Markus Granlund in Carnivores zone.
1:24 of 3rd period - Wrist shot by William Carrier.
1:24 of 3rd period - Stopped by Niklas Svedberg without a rebound.
1:25 of 3rd period - Michael Chaput wins face-off versus Markus Granlund in Carnivores zone.
1:38 of 3rd period - Snap shot by Markus Granlund.
1:38 of 3rd period - Stopped by Harru Sateri without a rebound.
1:39 of 3rd period - Steve Ott wins face-off versus Scott Laughton in Ice Dragons zone.
2:31 of 3rd period - Snap shot by Emil Pettersson.
2:31 of 3rd period - Shot Misses the Net.
2:33 of 3rd period - Snap shot by Justin Shugg.
2:33 of 3rd period - Stopped by Niklas Svedberg with a rebound.
2:35 of 3rd period - Slapshot by Michael Stone.
2:35 of 3rd period - Deflect By Jeremy Williams.
2:35 of 3rd period - Stopped by Niklas Svedberg with a rebound.
2:37 of 3rd period - Slapshot by Kevin Connauton.
2:37 of 3rd period - Stopped by Niklas Svedberg with a rebound.
3:00 of 3rd period - Snap shot by Sasha Pokulok.
3:00 of 3rd period - Stopped by Harru Sateri without a rebound.
3:01 of 3rd period - Chris Lawrence wins face-off versus Brandon Kozun in Ice Dragons zone.
3:08 of 3rd period - Wrist shot by T.J Brodie.
3:08 of 3rd period - Stopped by Harru Sateri with a rebound.
4:07 of 3rd period - Slapshot by Michael Chaput.
4:07 of 3rd period - Stopped by Niklas Svedberg without a rebound.
4:08 of 3rd period - Frederik Gauthier wins face-off versus Michael Chaput in Carnivores zone.
4:33 of 3rd period - Kevin Connauton is hit by Nate Schmidt and loses puck.
4:44 of 3rd period - Wrist shot by Chris Lawrence.
4:44 of 3rd period - Stopped by Harru Sateri with a rebound.
4:58 of 3rd period - Slapshot by Michael Stone.
4:58 of 3rd period - Stopped by Niklas Svedberg with a rebound.
5:00 of 3rd period - Slapshot by Emil Pettersson.
5:00 of 3rd period - Stopped by Niklas Svedberg with a rebound.
5:02 of 3rd period - Wrist shot by Justin Shugg.
5:02 of 3rd period - Shot Misses the Net.
5:04 of 3rd period - Snap shot by Justin Shugg.
5:04 of 3rd period - Shot Blocked by David Schlemko.
6:25 of 3rd period - Wrist shot by Michael Chaput.
6:25 of 3rd period - Shot Blocked by Nate Schmidt.
6:27 of 3rd period - Wrist shot by Michael Chaput.
6:27 of 3rd period - Stopped by Niklas Svedberg with a rebound.
7:00 of 3rd period - Slapshot by Nate Schmidt.
7:00 of 3rd period - Shot Blocked by Kevin Connauton.
7:02 of 3rd period - Snap shot by Frederik Gauthier.
7:02 of 3rd period - Stopped by Harru Sateri with a rebound.
7:04 of 3rd period - Snap shot by Frederik Gauthier.
7:04 of 3rd period - Deflect By Mark McNeill.
7:04 of 3rd period - Shot Misses the Net.
7:04 of 3rd period - Puck is out of play.
7:05 of 3rd period - Michael Chaput wins face-off versus Chris Lawrence in Ice Dragons zone.
7:10 of 3rd period - Sasha Pokulok is hit by William Carrier and loses puck.
7:37 of 3rd period - Snap shot by Jeremy Welsh.
7:37 of 3rd period - Deflect By Nikita Alexeev.
7:37 of 3rd period - Shot Blocked by Samuel Groulx.
7:37 of 3rd period - Puck is out of play.
7:38 of 3rd period - Markus Granlund wins face-off versus Steve Ott in Ice Dragons zone.
7:39 of 3rd period - Snap shot by Nikita Alexeev.
7:39 of 3rd period - Deflect By Jeremy Welsh.
7:39 of 3rd period - Stopped by Harru Sateri with a rebound.
7:43 of 3rd period - Snap shot by Markus Granlund.
7:43 of 3rd period - Shot Misses the Net.
7:53 of 3rd period - Snap shot by Nikita Alexeev.
7:53 of 3rd period - Goal by Nikita Alexeev - Ice Dragons : 3 - Carnivores : 2.
7:54 of 3rd period - Scott Laughton wins face-off versus Steve Ott in neutral zone.
7:57 of 3rd period - Wrist shot by Scott Laughton.
7:57 of 3rd period - Shot Blocked by Steve Ott.
8:21 of 3rd period - Jeremy Welsh is hit by William Carrier and loses puck.
8:48 of 3rd period - Samuel Groulx is hit by Jeremy Williams.
9:05 of 3rd period - Wrist shot by Steve Ott.
9:05 of 3rd period - Stopped by Niklas Svedberg without a rebound.
9:06 of 3rd period - Scott Laughton wins face-off versus Logan MacMillan in Carnivores zone.
9:28 of 3rd period - Off-side.
9:29 of 3rd period - Emil Pettersson wins face-off versus Markus Granlund in neutral zone.
9:31 of 3rd period - Kevin Connauton is hit by Sasha Pokulok and loses puck.
9:36 of 3rd period - Snap shot by Nikita Alexeev.
9:36 of 3rd period - Stopped by Harru Sateri with a rebound.
9:38 of 3rd period - Wrist shot by Markus Granlund.
9:38 of 3rd period - Shot Misses the Net.
9:40 of 3rd period - Backhand shot by Sasha Pokulok.
9:40 of 3rd period - Shot Misses the Net.
9:42 of 3rd period - Wrist shot by Nikita Alexeev.
9:42 of 3rd period - Shot Misses the Net.
9:56 of 3rd period - Sasha Pokulok is hit by Logan MacMillan and loses puck.
12:04 of 3rd period - Icing by Stefan Ruzicka.
12:05 of 3rd period - Michael Chaput wins face-off versus Frederik Gauthier in Ice Dragons zone.
12:12 of 3rd period - Slapshot by Mark McNeill.
12:12 of 3rd period - Goal by Mark McNeill - Ice Dragons : 3 - Carnivores : 3.
12:13 of 3rd period - Steve Ott wins face-off versus Scott Laughton in neutral zone.
13:20 of 3rd period - Sam Carrick is hit by David Schlemko and loses puck.
13:27 of 3rd period - David Schlemko is hit by Stefan Ruzicka and loses puck.
14:07 of 3rd period - Slapshot by Stefan Ruzicka.
14:07 of 3rd period - Stopped by Niklas Svedberg with a rebound.
14:13 of 3rd period - Minor Penalty to T.J Brodie for Holding.
14:14 of 3rd period - Steve Ott wins face-off versus Frederik Gauthier in Carnivores zone.
14:26 of 3rd period - Snap shot by Steve Ott.
14:26 of 3rd period - Shot Blocked by Chris Lawrence.
14:43 of 3rd period - Wrist shot by Michael Chaput.
14:43 of 3rd period - Stopped by Niklas Svedberg with a rebound.
14:45 of 3rd period - Slapshot by Damon Severson.
14:45 of 3rd period - Deflect By David Schlemko.
14:45 of 3rd period - Stopped by Niklas Svedberg without a rebound.
14:46 of 3rd period - Frederik Gauthier wins face-off versus Logan MacMillan in Carnivores zone.
16:13 of 3rd period - Penalty to T.J Brodie is over, T.J Brodie is back on ice.
16:21 of 3rd period - Icing by Emil Pettersson.
16:22 of 3rd period - Emil Pettersson wins face-off versus Markus Granlund in Ice Dragons zone.
16:52 of 3rd period - Slapshot by Alex Plante.
16:52 of 3rd period - Shot Blocked by Mat Clark.
16:54 of 3rd period - Slapshot by Christian Djoos.
16:54 of 3rd period - Shot Misses the Net.
16:56 of 3rd period - Slapshot by Justin Shugg.
16:56 of 3rd period - Stopped by Niklas Svedberg with a rebound.
16:58 of 3rd period - Slapshot by Emil Pettersson.
16:58 of 3rd period - Stopped by Niklas Svedberg with a rebound.
17:00 of 3rd period - Slapshot by Alex Plante.
17:00 of 3rd period - Stopped by Niklas Svedberg without a rebound.
17:01 of 3rd period - Stefan Ruzicka wins face-off versus Zack Smith in Carnivores zone.
17:12 of 3rd period - Wrist shot by Stefan Ruzicka.
17:12 of 3rd period - Shot Blocked by David Schlemko.
17:14 of 3rd period - Slapshot by Steve Ott.
17:14 of 3rd period - Deflect By Hunter Shinkaruk.
17:14 of 3rd period - Shot Blocked by Sasha Pokulok.
17:14 of 3rd period - Puck is out of play.
17:15 of 3rd period - Scott Laughton wins face-off versus Steve Ott in Carnivores zone.
17:31 of 3rd period - Minor Penalty to Michael Stone for Interference.
17:32 of 3rd period - Stefan Ruzicka wins face-off versus Scott Laughton in Ice Dragons zone.
17:47 of 3rd period - Snap shot by Chris Lawrence.
17:47 of 3rd period - Stopped by Harru Sateri without a rebound.
17:48 of 3rd period - Scott Laughton wins face-off versus Stefan Ruzicka in Ice Dragons zone.
17:49 of 3rd period - Wrist shot by Chris Lawrence.
17:49 of 3rd period - Shot Misses the Net.
17:51 of 3rd period - Snap shot by Jeremy Welsh.
17:51 of 3rd period - Deflect By Scott Laughton.
17:51 of 3rd period - Goal by Scott Laughton - Ice Dragons : 3 - Carnivores : 4.
17:52 of 3rd period - Steve Ott wins face-off versus Zack Smith in neutral zone.
17:52 of 3rd period - Kevin Connauton is hit by Jeremy Williams and loses puck.
18:07 of 3rd period - Slapshot by Jeremy Williams.
18:07 of 3rd period - Goal by Jeremy Williams - Ice Dragons : 3 - Carnivores : 5.
18:08 of 3rd period - Steve Ott wins face-off versus Zack Smith in neutral zone.
18:38 of 3rd period - Wrist shot by William Carrier.
18:38 of 3rd period - Shot Misses the Net.
18:56 of 3rd period - Slapshot by Sasha Pokulok.
18:56 of 3rd period - Stopped by Harru Sateri without a rebound.
18:57 of 3rd period - Scott Laughton wins face-off versus Steve Ott in Ice Dragons zone.
19:00 of 3rd period - Slapshot by T.J Brodie.
19:00 of 3rd period - Stopped by Harru Sateri with a rebound.
19:02 of 3rd period - Snap shot by Josh Manson.
19:02 of 3rd period - Deflect By Nicolas Kerdiles.
19:02 of 3rd period - Stopped by Harru Sateri with a rebound.
19:08 of 3rd period - Slapshot by T.J Brodie.
19:08 of 3rd period - Deflect By Damon Severson.
19:08 of 3rd period - Stopped by Harru Sateri without a rebound.
19:09 of 3rd period - Markus Granlund wins face-off versus Steve Ott in Ice Dragons zone.
19:28 of 3rd period - Minor Penalty to Markus Granlund for Holding.
19:29 of 3rd period - Steve Ott wins face-off versus Frederik Gauthier in Carnivores zone.
19:56 of 3rd period - Sasha Pokulok is hit by Michael Chaput and loses puck.
Goals for this period are 0 for Ice Dragons vs 4 for Carnivores.
Shots for this period are 17 for Ice Dragons vs 17 for Carnivores.